 Dungeon Sprint DCSS version 0.28.0 (webtiles) character file.

Game seed: 12982894501287077607

4667 rocky1 the Peltast (level 10, -1/94 HPs)
             Began as a Minotaur Fighter on Feb 10, 2022.
             Was an Elder of Okawaru.
             Succumbed to a killer bee's poison
             ... in the Dungeon (Sprint III: "The Ten Rune Challenge").
             The game lasted 00:14:44 (2769 turns).

rocky1 the Peltast (Minotaur Fighter)               Turns: 2769, Time: 00:14:44

Health: -1/94      AC: 10    Str: 25    XL:     10   Next: 20%
Magic:  10/15      EV: 15    Int:  5    God:    Okawaru [****..]
Gold:   1546       SH:  9    Dex: 10    Spells: 9/9 levels left

rFire   . . .      SeeInvis .   a - +0 whip (vamp)
rCold   . . .      Faith    .   c - +0 buckler
rNeg    . . .      Spirit   .   r - +0 scale mail {rPois}
rPois   +          Reflect  .   (helmet restricted)
rElec   .          Harm     .   (no cloak)
rCorr   .          Rampage  .   (no gloves)
Will    .....      NoTele   +   (no boots)
Stlth   +.........              (no amulet)
HPRegen 0.25/turn               (no ring)
MPRegen 0.14/turn               (no ring)

@: lethally poisoned (-1 -> -11), heroic
A: horns 2, retaliatory headbutt
a: Renounce Religion, Heroism, Finesse


You were in the Dungeon.
You worshipped Okawaru.
Okawaru was greatly pleased with you.
You visited 1 branch You collected 1626 gold pieces.
You spent 80 gold pieces at shops.

Inventory:

Hand Weapons
 a - a +0 vampiric whip (weapon)
 o - a +1 long sword of holy wrath
 q - a +2 war axe of venom
Missiles
 f - 3 silver boomerangs (quivered)
Armour
 b - a +0 scale mail
 c - a +0 buckler (worn)
 i - a +0 chain mail
 r - a +0 scale mail of poison resistance (worn)
Scrolls
 j - a scroll of blinking
 k - 2 scrolls of immolation {unknown}
 l - 2 scrolls of identify {unknown}
Potions
 d - a potion of might
 g - a potion of haste
 h - 2 potions of magic
 m - 3 potions of flight
 n - 5 potions of mutation
Miscellaneous
 p - a lightning rod (4/4)


   Skills:
 + Level 10.5(15.5) Fighting
 - Level 14.0(19.0) Long Blades
 + Level 10.3(15.3) Armour
 + Level 8.8(13.8) Dodging
 + Level 16.1(21.1) Shields
 + Level 8.1 Invocations
 + Level 4.4 Evocations


You had 9 spell levels left.
You didn't know any spells.
Your spell library contained the following spells:

 Spells                   Type           Power      Damage    Failure   Level
 Corpse Rot               Necr/Air       0%         N/A       83%         2
 Poisonous Vapours        Pois/Air       0%         N/A       83%         2


Dungeon Overview and Level Annotations

Branches:
Dungeon (1/1)

Altars:
Cheibriados
Dithmenos
Elyvilon
Fedhas
Gozag
Hepliaklqana
Kikubaaqudgha
Makhleb
Nemelex Xobeh
Okawaru
Qazlal
Ru
Sif Muna
Trog
Uskayaw
Vehumet
Wu Jian
Xom
Yredelemnul
Zin
The Shining One
Beogh
Jiyva
Lugonu

Shops:
D [


Innate Abilities, Weirdness & Mutations

You have a pair of horns on your head.
You reflexively headbutt those who attack you in melee.


Message History

You kill the killer bee!
Okawaru accepts your kill. The killer bee misses you.
The killer bee barely misses you. You block the killer bee's attack.
The killer bee stings you.
* * * LOW HITPOINT WARNING * * *
You are poisoned.
The killer bee poisons you!
Items here: ))) [ ††.
You are too injured to fight recklessly!
You are too injured to fight recklessly!
You are too injured to fight recklessly!
You miss the killer bee.
You feel sick. The killer bee completely misses you. You furiously retaliate!
You headbutt the killer bee!
You kill the killer bee!
Okawaru accepts your kill.
You feel sick.
You feel sick.
Items here: ))) [ ††.
You feel sick.
Things that are here:
a killer bee corpse; a killer bee corpse Your hands slow down.
You feel sick.
The killer bee buzzes angrily.
You hear an angry buzzing noise.
The killer bee misses you.
You hear an angry buzzing noise. x2
You miss the killer bee.
You feel sick.
You are no longer poisoned.
The killer bee stings you.
* * * LOW HITPOINT WARNING * * *
The killer bee misses you.
You hit the killer bee.
You feel better.
The killer bee is lightly wounded.
The killer bee stings you.
* * * LOW HITPOINT WARNING * * *
You are lethally poisoned!
The killer bee poisons you! You block the killer bee's attack.
You hit the killer bee but do no damage.
The killer bee is lightly wounded.
You die...

#######...##..########
_#__#..##..#...+.#ee.#
.#/_#..........#.#ee.#
##)##.........##.#e..≈≈≈
....#........∩##.#...##≈
....#.#......#.#.+...#
###'#.#..#############
#...#'###########################
#...#))..#.#.#..@y.#...^..'...≈≈#
#..)##.#..#.##.###.#..^y.y#..y≈≈#
#...)##)#.#.##)#.†##......#


y.yy≈ '..)#)[)#..#..##y.'yy..y.^# yy≈≈ ▓▓▓▓▓▓▓▓▓▓▓▓▓▓▓▓▓▓#yyy..^^# y.y #yy^....#
y. +.y...^.# y #.y....^# ##+###### You could see a killer bee.

Vanquished Creatures
  Erolcha (D)
  An orc high priest (D)
  A deep elf pyromancer (D)
  A queen bee (D)
  A shadow (D)
  2 redbacks (D)
  A spatial vortex (D)
  A necrophage (D)
  An orc warrior (D)
  5 two-headed ogres (D)
  A scorpion (D)
  A water elemental (D)
  18 killer bees (D)
  A jelly (D)
  2 orc priests (D)
  Jessica (D)
  A wizard (D)
  A necromancer (D)
  3 orc wizards (D)
  3 humans (D)
  A kobold demonologist (D)
  11 orcs (D)
  2 endoplasms (D)
  A rat (D)
62 creatures vanquished.

Notes
Turn   | Place    | Note
-------+----------+-------------------------------------------
     0 | D        | rocky1 the Minotaur Fighter began the quest for the Orb.
     0 | D        | Reached XP level 1. HP: 19/19 MP: 0/0
     5 | D        | Reached skill level 4 in Shields
    71 | D        | Noticed Jessica
    81 | D        | Killed Jessica
    82 | D        | Reached skill level 5 in Long Blades
    82 | D        | Reached skill level 6 in Shields
    82 | D        | Reached XP level 2. HP: 26/26 MP: 1/1
    82 | D        | Reached XP level 3. HP: 31/31 MP: 2/2
   244 | D        | Noticed a scorpion
   251 | D        | Killed a scorpion
   252 | D        | Reached skill level 8 in Shields
   252 | D        | Reached XP level 4. HP: 25/39 MP: 3/3
   518 | D        | Noticed a water elemental
   525 | D        | Killed a water elemental
   526 | D        | Reached skill level 9 in Shields
   526 | D        | Reached XP level 5. HP: 28/45 MP: 4/4
   535 | D        | Found a hide-covered altar of Uskayaw.
   535 | D        | Found an iron altar of Okawaru.
   535 | D        | Found a bloodstained altar of Trog.
   535 | D        | Found an ornate altar of the Wu Jian Council.
   535 | D        | Noticed a human
   537 | D        | Noticed a human
   540 | D        | Killed a human
   541 | D        | Reached skill level 11 in Shields
   541 | D        | Reached XP level 6. HP: 30/51 MP: 5/5
   547 | D        | Killed a human
   548 | D        | Reached skill level 12 in Shields
   554 | D        | Became a worshipper of Warmaster Okawaru
   707 | D        | Found a basalt altar of Yredelemnul.
   707 | D        | Found a shadowy altar of Dithmenos.
   707 | D        | Found a sacrificial altar of Ru.
   716 | D        | Reached skill level 13 in Shields
   716 | D        | Reached XP level 7. HP: 50/57 MP: 6/6
   762 | D        | Found a radiant altar of Vehumet.
   762 | D        | Found a shimmering blue altar of Sif Muna.
   762 | D        | Found an ancient bone altar of Kikubaaqudgha.
   769 | D        | Reached skill level 1 in Dodging
   805 | D        | Noticed a shadow
   811 | D        | Reached skill level 1 in Invocations
   821 | D        | Killed a shadow
   821 | D        | Reached * piety under Okawaru
   822 | D        | Reached skill level 5 in Fighting
   987 | D        | Found a glowing silver altar of Zin.
   987 | D        | Found a glowing golden altar of the Shining One.
   987 | D        | Found a white marble altar of Elyvilon.
   988 | D        | Noticed a deep elf pyromancer
   996 | D        | Killed a deep elf pyromancer
   997 | D        | Reached skill level 5 in Armour
   997 | D        | Reached XP level 8. HP: 57/70 MP: 7/9
  1074 | D        | Found a blossoming altar of Fedhas.
  1074 | D        | Found a stormy altar of Qazlal.
  1074 | D        | Found a snail-covered altar of Cheibriados.
  1074 | D        | Found a burning altar of Makhleb.
  1074 | D        | Found a shimmering altar of Xom.
  1075 | D        | Found a hazy altar of Hepliaklqana.
  1075 | D        | Found an opulent altar of Gozag.
  1075 | D        | Found a sparkling altar of Nemelex Xobeh.
  1075 | D        | Found a corrupted altar of Lugonu.
  1075 | D        | Found a viscous altar of Jiyva.
  1084 | D        | Reached skill level 14 in Shields
  1103 | D        | Reached skill level 5 in Dodging
  1133 | D        | Noticed a two-headed ogre
  1146 | D        | Killed a two-headed ogre
  1146 | D        | Reached ** piety under Okawaru
  1147 | D        | Reached skill level 5 in Invocations
  1577 | D        | Noticed Erolcha
  1577 | D        | Noticed a two-headed ogre
  1594 | D        | Killed Erolcha
  1595 | D        | Reached skill level 15 in Shields
  1595 | D        | Reached XP level 9. HP: 50/82 MP: 9/12
  1600 | D        | Killed a two-headed ogre
  1600 | D        | Reached *** piety under Okawaru
  1601 | D        | Reached skill level 1 in Evocations
  1859 | D        | Received a gift from Okawaru
  2372 | D        | Noticed an orc high priest
  2389 | D        | Noticed a sixfirhy
  2389 | D        | Noticed an ice devil
  2391 | D        | Killed an orc high priest
  2517 | D        | Found Futergh's Armour Shop.
  2529 | D        | Bought a +0 scale mail of poison resistance for 80 gold
                  | pieces
  2589 | D        | Noticed a deep elf knight
  2589 | D        | Noticed a deep elf zephyrmancer
  2589 | D        | Noticed a deep elf pyromancer
  2589 | D        | Noticed a deep elf pyromancer
  2589 | D        | Noticed a deep elf pyromancer
  2671 | D        | Noticed a queen bee
  2694 | D        | Reached XP level 10. HP: 66/93 MP: 14/14
  2706 | D        | Reached **** piety under Okawaru
  2707 | D        | Reached skill level 10 in Fighting
  2720 | D        | Reached skill level 10 in Armour
  2736 | D        | Reached skill level 16 in Shields
  2768 | D        | HP: 1/94 [killer bee (5)]
  2769 | D        | Succumbed to a killer bee's poison

Illustrated notes

Levels and vault maps discovered:
D:        dungeon_sprint_mu [sprint_mu_entry_forest, sprint_mu_temple_rooms,
          sprint_mu_d1_spiders, sprint_mu_d2_genie, sprint_mu_d3_branching,
          sprint_mu_orc_legion, sprint_mu_elf_gauntlet, sprint_mu_hive_nellie,
          sprint_mu_lair_fedhas, sprint_mu_vaults_butterflies,
          sprint_mu_slime_circle, sprint_mu_shoals_archi,
          sprint_mu_snake_twists, sprint_mu_blade_basic,
          sprint_mu_crypt_chambers, sprint_mu_tomb_spiral,
          sprint_mu_vestibule_basic, sprint_mu_gehenna_hellfire,
          sprint_mu_dis_giant, sprint_mu_tartarus_statrot,
          sprint_mu_cocytus_islands, sprint_mu_zot1]

Skill      XL: |  1  2  3  4  5  6  7  8  9 10 |
---------------+-------------------------------+-----
Long Blades    | 5 8 9 11 12 13 14 | 14.0
Shields        | 6 8 9 11 13 15 16 | 16.1
Dodging        | 4 6 8 |  8.8
Fighting       | 6 8 9 10 | 10.5
Armour         | 5 8 9 10 | 10.3
Invocations    | 3 6 7 8 |  8.1
Evocations     | 3 4 |  4.4

Action                   |  1- 3 |  4- 6 |  7- 9 | 10-12 || total
-------------------------+-------+-------+-------+-------++-------
Melee: Long sword        |    20 |    25 |   136 |    42 ||   223
       Headbutt          |     2 |     4 |    32 |     3 ||    41
       Whip              |       |       |       |    15 ||    15
Invok: Heroism           |       |       |     3 |     1 ||     4
       Finesse           |       |       |       |     1 ||     1
  Use: Potion            |       |     1 |     2 |     2 ||     5
Armor: Scale mail        |     3 |     3 |    25 |     8 ||    39
Dodge: Dodged            |     6 |     5 |    45 |    38 ||    94
Block: Buckler           |     4 |     8 |    31 |    21 ||    64
